 Dungeon Crawl Stone Soup version 0.30-a0-956-gcec3b41aec (webtiles) character file.

Game seed: 10113186095290222430

48 billz999 the Slasher (level 3, -9/26 HPs)
             Began as a Gnoll Wanderer on Mar 30, 2023.
             Killed by divine providence
             ... invoked by an orc priest
              (11 damage)
             ... on level 1 of the Dungeon.
             The game lasted 00:02:03 (1219 turns).

billz999 the Slasher (Gnoll Wanderer)               Turns: 1219, Time: 00:02:04

Health: -9/26      AC:  4    Str:  7 (9)  XL:     3   Next: 72%
Magic:  1/1        EV: 11    Int:  7 (10) God:
Gold:   34         SH:  0    Dex: 14 (16) Spells: 4/4 levels left

rFire   . . .      SeeInvis .    i - +2 falchion (antimagic)
rCold   . . .      Faith    .    (no shield)
rNeg    . . .      Spirit   .    e - +0 leather armour
rPois   .          Reflect  .    (no helmet)
rElec   .          Rampage  .    c - +0 cloak
rCorr   .                        (no gloves)
Will    .....                    (no boots)
Stlth   ++                       (no amulet)
HPRegen 0.24/turn                (no ring)
MPRegen 0.07/turn                (no ring)

@: flying
A: fangs 1, strong nose, distributed training
a: no special abilities


You were on level 1 of the Dungeon.
You visited 1 branch of the dungeon, and saw 2 of its levels.

You collected 34 gold pieces.

Inventory:

Hand Weapons
 a - a +2 falchion
 b - a +0 short sword
 i - a +2 antimagic falchion (weapon)
Armour
 c - a +0 cloak (worn)
 e - a +0 leather armour (worn)
Scrolls
 f - a scroll of teleportation {unknown}
 k - a scroll of torment {unknown}
Potions
 d - a potion of brilliance
 g - a potion of flight
 j - a potion of might {unknown}


   Skills:
 + Level 1.0 Fighting
 + Level 4.6 Short Blades
 + Level 6.5 Long Blades
 + Level 1.0 Axes
 + Level 1.0 Maces & Flails
 + Level 1.0 Polearms
 + Level 1.0 Staves
 + Level 1.0 Ranged Weapons
 + Level 2.6 Throwing
 + Level 2.6 Armour
 + Level 1.0 Dodging
 + Level 2.4 Stealth
 + Level 1.0 Shields
 + Level 1.0 Unarmed Combat
 + Level 1.0 Spellcasting
 + Level 0.7 Conjurations
 + Level 0.7 Hexes
 + Level 0.7 Summonings
 + Level 0.7 Necromancy
 + Level 0.7 Translocations
 + Level 0.7 Transmutations
 + Level 0.7 Fire Magic
 + Level 0.7 Ice Magic
 + Level 0.7 Air Magic
 + Level 0.7 Earth Magic
 + Level 0.7 Poison Magic
 + Level 1.0 Invocations
 + Level 4.6 Evocations


You had 4 spell levels left.
You didn't know any spells.
Your spell library was empty.

Dungeon Overview and Level Annotations

Branches:
Dungeon (2/15)

Altars:


Innate Abilities, Weirdness & Mutations

You have very sharp teeth.
Your uncanny sense of smell can sniff out nearby items.
Your experience applies equally to all skills.


Message History

Your Dodging skill increases to level 1!
Your Shields skill increases to level 1!
Your Unarmed Combat skill increases to level 1!
Your Spellcasting skill increases to level 1!
There is a stone staircase leading down here.
You climb downwards.
There is a stone staircase leading up here.
The orc priest looks encouraged for a moment.
The orc priest barely misses you. The orc wizard completely misses you.
You climb upwards.
There is a stone staircase leading down here.
The orc priest attacks as you move away!
The orc priest barely misses you.
The orc wizard hits you with a +0 dagger.
The orc priest attacks as you move away!
The orc priest hits you with a +0 whip.
The orc wizard attacks as you move away!
The orc wizard hits you but does no damage.
The orc priest calls down the wrath of Beogh upon you.
You barely resist.
The orc priest invokes the aid of Beogh against you.
Beogh smites you!
Ouch! That really hurt!
* * * LOW HITPOINT WARNING * * *
It was a potion of flight.
You feel very buoyant.
You fly up into the air.
The orc wizard barely misses you.
You hit the orc wizard.
The orc wizard's magic leaks into the air.
The orc wizard is moderately wounded.
The orc wizard falters for a moment.
You closely miss the orc wizard.
The orc wizard is moderately wounded.
The orc wizard closely misses you.
It was a potion of degeneration.
There was something very wrong with that liquid.
You feel weakened.
You feel dopey.
You feel clumsy.
The orc priest mumbles some strange prayers to Beogh against you.
Beogh smites you!
You die...

#.#...w...# #.#
#.#..####.# #.# #######
#.# ##.# ...### #.# ##..#
###..## #.# ##.#.##
..###.## #.#####.###.#####
##..##.###........#......#
.###.##.##########....[..#
#.###.#.#.......@oo......#
##.##.##.#########.......#
<##.#.##.# #.[.....#
#.#.##(#.#########>......#
.##.##.#.#......?.)......#
##.###.#.#.#######.#.#####
..###.##.#.# #.....#
####.####..# ###...#
#...## #### ##..#


You could see an orc priest and an orc wizard (magic disrupted).

Vanquished Creatures
  A worm (D:1)
  3 dart slugs (D:1)
  3 orcs (D:1)
  4 bats (D:1)
  2 endoplasms (D:1)
  3 giant cockroaches (D:1)
  4 goblins (D:1)
  2 hobgoblins (D:1)
  A quokka (D:1)
  4 ball pythons (D:1)
  4 frilled lizards (D:1)
  2 kobolds (D:1)
33 creatures vanquished.

Notes
Turn   | Place    | Note
-------+----------+-------------------------------------------
     0 | D:1      | billz999 the Gnoll Wanderer began the quest for the Orb.
     0 | D:1      | billz999 set off with the following items: a +2 falchion, a
                  | +0 short sword, a +0 cloak, a potion of brilliance, a +0
                  | leather armour.
     0 | D:1      | Reached XP level 1. HP: 13/13 MP: 1/1
   102 | D:1      | Reached XP level 2. HP: 13/19 MP: 2/2
   401 | D:1      | Reached XP level 3. HP: 25/25 MP: 3/3
   629 | D:1      | Reached skill level 1 in Invocations
  1197 | D:1      | Reached skill level 1 in Fighting
  1197 | D:1      | Reached skill level 1 in Axes
  1197 | D:1      | Reached skill level 1 in Maces & Flails
  1197 | D:1      | Reached skill level 1 in Polearms
  1197 | D:1      | Reached skill level 1 in Staves
  1197 | D:1      | Reached skill level 1 in Ranged Weapons
  1197 | D:1      | Reached skill level 1 in Dodging
  1197 | D:1      | Reached skill level 1 in Shields
  1197 | D:1      | Reached skill level 1 in Unarmed Combat
  1197 | D:1      | Reached skill level 1 in Spellcasting
  1215 | D:1      | HP: 1/26 [orc priest/divine providence (17)]
  1219 | D:1      | Killed from afar by an orc priest

Illustrated notes

Levels and vault maps discovered:
D:1:      dpeg_arrival_solitude, layout_loops_ring, minmay_split_cup_small
D:2:      layout_basic, serial_curves, eino_curves_04, eino_curves_01,
          eino_curves_02, eino_curves_04, uniq_sigmund

Skill      XL: |  1  2  3 |
---------------+----------+-----
Invocations    | 1 |  1.0
Fighting       | 1 |  1.0
Axes           | 1 |  1.0
Maces & Flails | 1 |  1.0
Polearms       | 1 |  1.0
Staves         | 1 |  1.0
Ranged Weapons | 1 |  1.0
Dodging        | 1 |  1.0
Shields        | 1 |  1.0
Unarmed Combat | 1 |  1.0
Spellcasting   | 1 |  1.0
Short Blades   | |  4.6
Long Blades    | |  6.5
Throwing       | |  2.6
Armour         | |  2.6
Stealth        | |  2.4
Conjurations   | |  0.7
Hexes          | |  0.7
Summonings     | |  0.7
Necromancy     | |  0.7
Translocations | |  0.7
Transmutations | |  0.7
Fire Magic     | |  0.7
Ice Magic      | |  0.7
Air Magic      | |  0.7
Earth Magic    | |  0.7
Poison Magic   | |  0.7
Evocations     | |  4.6

Action                     || total
---------------------------++-------
  Melee: Falchion          ||    94
         Bite              ||     8
         Punch             ||     2
    Use: Potion            ||     2
   Stab: Sleeping          ||     7
 Armour: Leather armour    ||    20
  Dodge: Dodged            ||    53

Table legend: (Time is in decaauts)
 A = Elapsed time spent in this place.
 B = Non-inter-level travel time spent in this place.
 C = Inter-level travel time spent in this place.
 D = Time resting spent in this place.
 E = Time spent auto-exploring this place.
 F = Levels seen in this place.
 G = Mean time per level.
                   A        B        C        D        E       F      G
               +--------+--------+--------+--------+--------+-----+--------+
         Total |   1218 |   1188 |     30 |    117 |    782 |   2 |  609.0 |
       Dungeon |   1218 |   1188 |     30 |    117 |    782 |   2 |  609.0 |
               +--------+--------+--------+--------+--------+-----+--------+

Top non-repeatable levels by time:
     D:1: 1179 daAuts
     D:2: 39 daAuts
